 Dungeon Crawl Stone Soup version 0.8.0-178-g5053f60 character file.

216 Crockett the Stinger (level 4, 0/19 HPs)
             Began as a Spriggan Venom Mage on June 17, 2011.
             Shot with a runed arrow by a centaur (19 damage)
             ... on Level 3 of the Dungeon on June 18, 2011.
             The game lasted 00:46:12 (2668 turns).

Crockett the Stinger (Spriggan Venom Mage)          Turns: 2668, Time: 00:46:12

HP   0/19        AC  2     Str  5 Exp: 4/166 (12), need: 15
MP  12/14        EV 18     Int 16      God:
Gold 100         SH  0     Dex 16      Spells:  3 memorised,  5 levels left

Res.Fire  : . . .   See Invis. : +   a - +2,+0 orc dagger
Res.Cold  : . . .   Warding    : . . v - +0 robe (curse)
Life Prot.: . . .   Conserve   : .   (shield restricted)
Res.Acid. : . . .   Res.Corr.  : .   (helmet restricted)
Res.Poison: .       Clarity    : .   (no cloak)
Res.Elec. : .       Spirit.Shd : .   (gloves unavailable)
Sust.Abil.: . .     Stasis     : .   (boots unavailable)
Res.Mut.  : .       Ctrl.Telep.: .   (no amulet)
Res.Rott. : .       Levitation : .   (no ring)
Saprovore : . . .   Ctrl.Flight: .   (no ring)

@: very quick, slightly resistant to hostile enchantments, stealthy
A: unfitting armour, see invisible, herbivore 3, speed 3, slow metabolism 3
a: no special abilities


You were on level 3 of the Dungeon.
You were not hungry.

You visited 1 branch of the dungeon, and saw 3 of its levels.

You collected 80 gold pieces.

Inventory:

Hand weapons
 a - a +2,+0 orcish dagger (weapon)
 b - a +0,+0 sling
 p - a +0,+1 dagger
Missiles
 h - 28 +0 sling bullets
 k - 25 +0 stones
 l - 5 +3 darts (quivered)
 r - 13 +0 arrows of frost
 s - 25 +0 arrows
 t - a +0 dart
 w - 18 silver +0 darts
Armour
 g - a +0 robe
 v - a cursed +0 robe (worn)
Magical devices
 i - a wand of frost (19)
Comestibles
 f - 3 bread rations
Scrolls
 j - 2 scrolls of fog
Jewellery
 u - an uncursed amulet of the gourmand
Potions
 c - a potion of porridge
 d - a potion of magic
 m - 3 potions of agility
 n - a potion of levitation {unknown}
 o - a potion of heal wounds {unknown}
 q - a potion of brilliance {unknown}
 x - a potion of healing {unknown}
Books
 e - a Young Poisoner's Handbook

   Spells                             Type                      Level
   *Sting                             Conjuration/Poison           1
   *Cure Poison                       Poison                       2
   Poison Weapon                      Charms/Poison                3
   *Mephitic Cloud                    Conjuration/Poison/Air       3
   Venom Bolt                         Conjuration/Poison           5
   You had 12 experience left.


   Skills:
 - Level 3 Dodging
 - Level 3 Stealth
 + Level 4 Spellcasting
 + Level 2 Conjurations
 + Level 5 Poison Magic


You had 5 spell levels left.
You knew the following spells:

 Your Spells              Type           Power        Success   Level  Hunger
a - Sting                 Pois/Conj      ###..        Excellent   1    None
b - Cure Poison           Pois           ####......   Excellent   2    Strawberry
c - Mephitic Cloud        Pois/Air/Conj  ##........   Good        3    Choko

Dungeon Overview and Level Annotations

Branches:
Dungeon (3/27)

Altars:
Xom


Innate Abilities, Weirdness & Mutations

You are tiny and cannot use many weapons and most armour.
You have supernaturally acute eyesight.
You are a herbivore.
You cover ground extremely quickly.
You need consume almost no food.


Message History

Press: ? - help, Shift-Dir - straight line, f/p - centaur
Aim: A centaur, wielding a bow (lightly wounded, poisoned)
The sting hits the centaur.
The centaur looks even sicker.
The centaur is lightly wounded.
The centaur shoots a runed arrow.
The runed arrow hits you!
Ouch! That really hurt!
You die...

▒▒▒▒▒▒▒▒▒▒▒▒∙▒▒▒▒
▒∙∙∙∙∙∙∙∙∙∙∙∙∙∙∙∙
▒∙∙∙∙▒▒▒▒▒▒▒∙▒▒▒▒
▒∙∙∙[▒ ▒∙▒ ▒∙∙∙∙▒
▒∙▒ ▒▒▒▒∙▒ ▒∙▒
▒∙▒ ▒∙▒ ▒(▒ ▒∙▒
▒@▒ ▒∙▒ ▒∙▒ ▒∙▒
▒∙∙ ▒∙▒ ▒∙∙∙
▒∙∙∙▒ ▒g∙∙▒ ▒∙c∙▒
▒∙∙∙▒ ▒S▒


You could see a centaur, a hobgoblin and a small snake (wandering).

Vanquished Creatures
  2 gnolls (D:3)
  3 snakes (D:3)
  A giant mite (D:2)
  3 giant geckos (D:2)
  A giant cockroach (D:2)
  10 goblins
  4 hobgoblins
  15 jackals (D:3)
  6 megabats
  3 giant newts
  2 kobolds
  7 rats
  3 toadstools (D:3)
60 creatures vanquished.

Notes
Turn   | Place    | Note
--------------------------------------------------------------
     0 | D:1      | Crockett, the Spriggan Venom Mage, began the quest for the Orb.
     0 | D:1      | Reached XP level 1. HP: 8/8 MP: 4/4
   404 | D:1      | Reached XP level 2. HP: 11/11 MP: 4/7
   455 | D:1      | Reached skill level 1 in Conjurations
   536 | D:1      | Learned a level 2 spell: Cure Poison
   944 | D:2      | Found a shimmering altar of Xom.
  1225 | D:2      | Reached XP level 3. HP: 13/16 MP: 4/10
  2050 | D:3      | Reached XP level 4. HP: 19/19 MP: 8/14
  2058 | D:3      | Learned a level 3 spell: Mephitic Cloud
  2667 | D:3      | Reached skill level 5 in Poison Magic
  2668 | D:3      | Shot with a runed arrow by a centaur
